Cogmind - Beta 9 @@@ ROGUE MODE // 2019.10.23 @ 22:11:55 Player: may2ever Result: Destroyed by as-94289 with Assembled Heavy Rifle Performance ------------- Evolutions (1) 500 Regions Visited (3) 600 Robots Destroyed (54) 270 Value Destroyed (1150) 1150 Prototype IDs (0) 0 Alien Tech Used (0) 0 Bonus (22) 22 TOTAL SCORE: 2542 Bonus ------- High Alert Combat Kills 22 Cogmind --------- Core Integrity 0/400 Matter 114/300 Energy 104/275 System Corruption 4% Temperature Cool (78) Location -9/Mines Parts ------- Power (1) Deuterium Engine Propulsion (2) Armored Treads Armored Treads Utility (4) Cryofiber Web Large Storage Unit High-capacity Storage Unit Weapon (2) Light EM Pulse Cannon Inventory (18) Deuterium Engine Deuterium Engine Armored Treads Wheel Compact Wheel Large Storage Unit Signal Interpreter Hardened Light Armor Plating Hacking Suite Hacking Suite Hacking Suite Hacking Suite Light EM Pulse Cannon Light EM Pulse Cannon Heavy Rocket Launcher Peak State ------------ Power Deuterium Engine Propulsion Armored Treads Armored Treads Utility Cryofiber Web Large Storage Unit High-capacity Storage Unit Particle Charger Weapon Light EM Pulse Cannon Gauss Cannon Inventory Deuterium Engine Deuterium Engine Deuterium Engine Armored Treads Wheel Compact Wheel Large Storage Unit Signal Interpreter Hardened Light Armor Plating Hacking Suite Hacking Suite Hacking Suite Hacking Suite Gatling Laser Light EM Pulse Cannon Light EM Pulse Cannon Light EM Pulse Cannon Heavy Rocket Launcher [Rating: 27] Favorites ----------- Power Deuterium Engine Engine Deuterium Engine Propulsion Armored Treads Treads Armored Treads Leg Aluminum Leg Utility Large Storage Unit Device Cryofiber Web Storage Large Storage Unit Protection Power Shielding Weapon Light EM Pulse Cannon Energy Gun EM Shotgun Energy Cannon Light EM Pulse Cannon Ballistic Gun Shotgun Ballistic Cannon Gauss Cannon Launcher EMP Blaster Build | -11 -10 -9 -9 ------- Run | Scr Mat Mat Min Slots Evolved 2 | . . 2 . Power . | . . . . Propulsion . | . . . . Utility 2 | . . 2 . Weapon . | . . . . Parts Attached 27 | . 3 19 5 Power 2 | . . 1 1 Engine 2 | . . 1 1 Core . | . . . . Reactor . | . . . . Propulsion 3 | . . 3 . Treads 2 | . . 2 . Leg 1 | . . 1 . Wheel . | . . . . Hover . | . . . . Flight . | . . . . Utility 7 | . 2 5 . Device 2 | . . 2 . Storage 2 | . 1 1 . Processor . | . . . . Hackware . | . . . . Protection 3 | . 1 2 . Artifact . | . . . . Weapon 15 | . 1 10 4 Energy Gun 5 | . 1 3 1 Energy Cannon 3 | . . 2 1 Ballistic Gun 2 | . . 2 . Ballistic Cannon 2 | . . . 2 Launcher 3 | . . 3 . Special Weapon . | . . . . Impact Weapon . | . . . . Slashing Weapon . | . . . . Piercing Weapon . | . . . . Special Melee Weapon . | . . . . Unidentified Prototypes . | . . . . Parts Lost 13 | . 1 7 5 Power 1 | . . . 1 Propulsion 2 | . . 2 . Utility 2 | . . 1 1 Weapon 8 | . 1 4 3 Highest Loss Streak 6 | . 1 6 3 Average Slot Usage (%) 96 | . 94 96 89 Engine 11 | . 14 10 9 Treads 12 | . . 12 22 Leg 9 | . 28 8 . Device 1 | . . . 18 Storage 21 | . 14 21 22 Protection 17 | . 9 19 . Energy Gun 7 | . 27 6 . Energy Cannon 11 | . . 12 11 Ballistic Gun 2 | . . 2 . Naked Turns . | . . . . Heaviest Build 73 | 9 22 73 69 Greatest Support 40 | 20 20 40 40 Greatest Overweight (x) 3 | . 1 3 1 Average Overweight (x) 1 | . . 1 1 Largest Inventory Capacity 18 | 6 10 18 18 Average Capacity 16 | 6 6 17 18 Most Carried 18 | 6 7 18 18 Average Carried 15 | 6 5 16 17 Final Capacity 18 | . . . 18 Final Carried 15 | . . . 15 Class Distribution -------------------- 100% | Mutant Dominant Class ---------------- Mutant | -10/Materials Mutant | -9/Materials Mutant | -9/Mines Resources | -11 -10 -9 -9 ----------- Run | Scr Mat Mat Min Matter Collected 694 | 200 20 419 55 Remotely . | . . . . Salvage Created 1460 | . 112 1282 66 Parts 76 | . 3 73 . Haulers Intercepted 1 | . . 1 . Recyclers Shooed 1 | . . 1 . Parts Field Recycled . | . . . . Retrieved Matter . | . . . . Parts Self-Destructed . | . . . . Prevented . | . . . . Kills | -11 -10 -9 -9 ------- Run | Scr Mat Mat Min Combat Hostiles Destroyed 45 | . 5 30 10 Guns 14 | . 3 11 . Cannons 20 | . . 10 10 AOE 10 | . 2 8 . Classes Destroyed 10 | . 2 7 1 Builder 1 | . . 1 . Hauler 1 | . . 1 . Recycler 1 | . . 1 . Operator 1 | . . 1 . Watcher 5 | . . 5 . Swarmer 14 | . 3 11 . Grunt 12 | . 2 10 . Duelist 1 | . . 1 . Sentry 8 | . . 8 . Assembled 10 | . . . 10 Best Kill Streak 8 | . 3 8 8 Combat Bots Only 8 | . 3 6 8 Max Kills in Single Turn 2 | . 2 2 1 Gunslinging . | . . . . Exploded 2 | . 2 2 . Melee . | . . . . Uniques/NPCs Destroyed . | . . . . Combat | -11 -10 -9 -9 -------- Run | Scr Mat Mat Min Damage Taken 2421 | . 203 1297 921 Core 434 | . 32 202 200 Absorbed by Shields . | . . . . Core Remaining (%) 93 | 100 87 . . Volleys Fired 133 | . 12 86 35 Largest 2 | . 2 2 2 Hottest 128 | . 80 112 128 Shots Fired 216 | . 24 150 42 Gun 98 | . 24 70 4 Cannon 103 | . . 65 38 Launcher 15 | . . 15 . Special . | . . . . Kinetic 57 | . . 30 27 Thermal 47 | . 24 19 4 Explosive 6 | . . 6 . Electromagnetic 106 | . . 95 11 Robot Hit Streak 12 | . 6 12 11 Robot Miss Streak 4 | . 3 4 2 Penetration Max 1 | . . . 1 Secondary Targets 2 | . . 2 . Max Gunslinging Chain 1 | . . 1 . Shots Hit Robots 147 | . 15 103 29 Core Hits 76 | . 6 58 12 Critical Hits 6 | . . . 6 Critical Kills 1 | . . . 1 Critical Parts Destroyed 5 | . . . 5 Melee Attacks . | . . . . Impact . | . . . . Slashing . | . . . . Piercing . | . . . . Sneak Attacks . | . . . . Combat Hostiles . | . . . . Follow-up Attacks . | . . . . Damage Inflicted 3866 | . 381 2710 775 Guns 823 | . 160 595 68 Cannons 1900 | . . 1193 707 Explosions 1135 | . 221 914 . Melee . | . . . . Ramming 8 | . . 8 . Kinetic 773 | . . 191 582 Thermal 554 | . 160 326 68 Explosive 605 | . 221 384 . Electromagnetic 1926 | . . 1801 125 Impact . | . . . . Slashing . | . . . . Piercing . | . . . . Highest Corruption 4 | . . 4 4 Average Corruption 3 | . . 3 4 Corruption Purged . | . . . . Effects 38 | . . 32 6 Message Errors 10 | . . 10 . Matter Fused 11 | . . 9 2 Heat Flow Errors 5 | . . 4 1 Energy Discharges 4 | . . 4 . Parts Rejected 1 | . . . 1 Data Loss (minor) 5 | . . 5 . Targeting Errors 2 | . . . 2 Overload Shots . | . . . . Overflow Damage 121 | . 19 76 26 Projectiles 47 | . . 21 26 Explosions 74 | . 19 55 . Melee . | . . . . Knockbacks 9 | . . . 9 Impact . | . . . . Kinetic 6 | . . . 6 Secondary 3 | . . . 3 Self-Inflicted Damage 190 | . 44 146 . Shots 9 | . 1 8 . Rammed 1 | . . 1 . Targets Rammed 1 | . . 1 . Kicked . | . . . . Crushed . | . . . . Highest Temperature 482 | . 162 482 162 Average Temperature 95 | . 75 99 89 Received Heat Transfer 531 | . 51 300 180 Effects 6 | . . 6 . Shutdowns 2 | . . 2 . Interference 3 | . . 3 . Damage (minor) 1 | . . 1 . Siege Activations . | . . . . Robots Corrupted 1 | . . 1 . Combat Hostiles 1 | . . 1 . Parts Fried 12 | . . 12 . Impact Corruptions . | . . . . Robots Melted . | . . . . Combat Hostiles . | . . . . Parts Melted 2 | . . 2 . Heat Transferred 1244 | . 350 744 150 Parts Sabotaged . | . . . . Parts Stolen . | . . . . Parts Stripped . | . . . . Power Chain Reactions 5 | . . 5 . Missiles Intercepted . | . . . . Alert | -11 -10 -9 -9 ------- Run | Scr Mat Mat Min Peak Influence 432 | . 140 432 148 Average Influence 203 | . 83 219 136 Maximum Alert Level 2 | . . 2 . Low Security (%) 50 | . . . . Level 1 34 | . . . . Level 2 14 | . . . . Level 3 . | . . . . Level 4 . | . . . . Level 5 . | . . . . High Security . | . . . . Max Security . | . . . . Squads Dispatched 7 | . . 7 . Investigation 4 | . . 4 . Extermination . | . . . . Reinforcement 3 | . . 3 . Assault . | . . . . Garrison . | . . . . Intercept . | . . . . Construction Impeded 1 | . . 1 . Haulers Reinforced . | . . . . Stealth | -11 -10 -9 -9 --------- Run | Scr Mat Mat Min Distress Signals 7 | . 1 5 1 Communications Jammed . | . . . . Distress Signals . | . . . . Times Spotted 76 | . 6 55 15 Peak Tracking Total 8 | . 5 8 6 Tactical Retreats 10 | . . 7 3 Traps | -11 -10 -9 -9 ------- Run | Scr Mat Mat Min Traps Triggered 1 | . . 1 . Indirectly . | . . . . Trap Hack Attempts . | . . . . Triggered . | . . . . Disarmed . | . . . . Reprogrammed . | . . . . Reused . | . . . . Traps Extracted . | . . . . Installed . | . . . . Triggered . | . . . . Machines | -11 -10 -9 -9 ---------- Run | Scr Mat Mat Min Machines Disabled 6 | . 2 4 . Max in Single Turn 2 | . 2 1 . Machines Sabotaged . | . . . . Garrisons Compromised . | . . . . Overloaded Fab Kills . | . . . . Fab Network Shutdowns . | . . . . Hacking | -11 -10 -9 -9 --------- Run | Scr Mat Mat Min Machines Accessed 10 | . . 9 1 Terminals 7 | . . 7 . Fabricators . | . . . . Repair Stations . | . . . . Recycling Units 1 | . . 1 . Scanalyzers 1 | . . 1 . Garrison Access . | . . . . Total Hacks 26 | . . 25 1 Successful 23 | . . 22 1 Failed 3 | . . 3 . Catastrophic . | . . . . Database Lockouts . | . . . . Manual 19 | . . 19 . Terminals 21 | . . 21 . Fabricators . | . . . . Repair Stations . | . . . . Recycling Units 1 | . . 1 . Scanalyzers 3 | . . 3 . Garrison Access . | . . . . Terminal Hacks 9 | . . 8 1 Part Schematic 2 | . . 2 . Robot Analysis 1 | . . 1 . Open Door 1 | . . . 1 Emergency Access Points 1 | . . 1 . Alert Level 2 | . . 2 . Unreport Threat 1 | . . 1 . Zone Layout 1 | . . 1 . Fabricator Hacks . | . . . . Repair Station Hacks . | . . . . Recycling Unit Hacks . | . . . . Scanalyzer 3 | . . 3 . Insert Component 2 | . . 2 . Analyze 1 | . . 1 . Garrison Access Hacks . | . . . . Unauthorized Hacks 23 | . . 23 . Terminals 10 | . . 10 . Track 4 | . . 4 . Botnet 6 | . . 6 . Fabricators . | . . . . Repair Stations . | . . . . Recycling Units 1 | . . 1 . Tunnel 1 | . . 1 . Scanalyzers . | . . . . Garrison Access . | . . . . Data Cores Recovered 1 | . . 1 . Used 1 | . . 1 . Hacking Detections 6 | . . 6 . Full Trace Events 2 | . . 2 . Feedback Events 1 | . . 1 . Corruption 1 | . . 1 . Feedback Blocked . | . . . . Robot Schematics Acquired . | . . . . Robots Built . | . . . . Matter . | . . . . Time . | . . . . Total Robot Build Rating . | . . . . Part Schematics Acquired 3 | . . 3 . Parts Built . | . . . . Matter . | . . . . Time . | . . . . Total Part Build Rating . | . . . . Parts Repaired . | . . . . Time . | . . . . Parts Recycled . | . . . . Recycled Matter . | . . . . Retrieved Matter . | . . . . Retrieved Components . | . . . . Parts Scanalyzed 1 | . . 1 . Part Schematics Acquired 1 | . . 1 . Parts Damaged . | . . . . Bothacking | -11 -10 -9 -9 ------------ Run | Scr Mat Mat Min Used RIF Installer . | . . . . Robots Hacked . | . . . . Non-combat . | . . . . Combat . | . . . . Robot Hacks Applied . | . . . . Relay Couplers Released . | . . . . Robots Rewired . | . . . . Allies Hacked . | . . . . Hacks Repelled . | . . . . Allies | -11 -10 -9 -9 -------- Run | Scr Mat Mat Min Total Allies . | . . . . Largest Group . | . . . . Highest-Rated Group . | . . . . Highest-Rated Ally . | . . . . Total Orders . | . . . . Ally Attacks . | . . . . Total Damage . | . . . . Kills . | . . . . Allies Corrupted . | . . . . Allies Melted . | . . . . Intel | -11 -10 -9 -9 ------- Run | Scr Mat Mat Min Robot Analysis Total 1 | . . 1 . Derelict Logs Recovered 1 | . . . 1 Drone Launches . | . . . . Drone Recoveries . | . . . . Exploration | -11 -10 -9 -9 ------------- Run | Scr Mat Mat Min Turns Passed 3244 | 45 197 2829 173 Spaces Moved 1455 | 38 129 1247 41 Core . | . . . . Treads 809 | . . 768 41 Legs 646 | 38 129 479 . Wheels . | . . . . Hover . | . . . . Flight . | . . . . Fastest Speed 120 | 120 120 150 190 Average Speed 186 | 120 121 194 190 Slowest Speed 210 | 120 150 210 190 Overloaded Moves . | . . . . Propulsion Burnouts . | . . . . Robots Hopped . | . . . . Cave-ins Triggered . | . . . . Exploration Rate (%) 33 | 3 36 85 8 Regions Visited 3 Branch Regions 1 Pre-discovered Areas 1 | . . 1 . Known Exits Taken . | . . . . Unknown Exits Taken 3 | 1 1 1 . Scrap Searched . | . . . . Spaces Dug . | . . . . Terrain Destroyed 109 | . 37 64 8 Melee . | . . . . Projectile 8 | . . . 8 AOE 101 | . 37 64 . Actions | -11 -10 -9 -9 --------- Run | Scr Mat Mat Min Total 1768 | 37 144 1493 94 Wait 118 | . . 111 7 Move 1452 | 37 128 1246 41 Hop . | . . . . Pick Up 25 | . 1 21 3 Fast Attach 7 | . 1 5 1 Attach 10 | . 1 6 3 Detach 1 | . . 1 . Swap 10 | . 1 8 1 Drop 11 | . . 8 3 Fire 133 | . 12 86 35 Melee . | . . . . Ram . | . . . . Kick . | . . . . Crush 1 | . . 1 . Escape Stasis . | . . . . Rewire . | . . . . Trap . | . . . . Miscellaneous . | . . . . Route ------- -11/Scrapyard -10/Materials -9/Materials (discovered 4 exits: [*Mat x2] / *Min / [*Sto]) -9/Mines History --------- Turn | Location | Event 1 | -11/Scrapyard | Discovered new exit (range 3) 46 | -11/Scrapyard | Entered Materials 204 | -10/Materials | Discovered new exit (range 14) 243 | -10/Materials | Entered another Materials area 243 | -9/Materials | Evolved 2 slots: Utility x2 306 | -9/Materials | Build established: Mutant 1399 | -9/Materials | Discovered new exit (range 16) 1426 | -9/Materials | Lost 6 parts (2n1u3w) 2595 | -9/Materials | Discovered new exit (range 4) 2645 | -9/Materials | Core integrity fell below 50% 2825 | -9/Materials | Discovered new exit (range 11) 3057 | -9/Materials | Discovered new exit (range 7) 3072 | -9/Materials | Entered Mines 3073 | -9/Mines | Assembled infested the area 3077 | -9/Mines | Met a Derelict who couldn't figure out how to use a Trap Extractor 3078 | -9/Mines | Assisted by a Guerilla fighting off Assembled 3194 | -9/Mines | Learned Materials terminal intel 3228 | -9/Mines | Core integrity fell below 20% 3231 | -9/Mines | Lost 3 parts (1p1u1w) 3245 | -9/Mines | Destroyed by as-94289 with Assembled Heavy Rifle Last Messages --------------- 03211_ U-05 Engineer destroyed. 03212_ Acquired 19 matter. 03219_ Slug penetrates as-38998. 03219_ as-38998 destroyed. 03225_ as-22279 destroyed. 03228_ System corrupted: Gauss Cannon rejected. 03228_ Acquired Gauss Cannon. 03231_ as-74348 suffers critical hit. 03231_ Destroyed Asb. Hover Unit. 03231_ as-74348 knocked back. 03234_ as-01160 suffers critical hit. 03234_ Destroyed Asb. Rifle. 03234_ as-01160 knocked back. 03236_ U-05 Engineer builds a Wall. 03237_ Slug penetrates as-94289. 03237_ as-01160 suffers critical hit. 03237_ as-01160 destroyed. 03238_ as-74348 destroyed. 03240_ Gauss Cannon destroyed. 03242_ Gatling Laser destroyed. Map ----- +----------------------------------------------------+ | ?????????????????????????????????????????????????? | | ?????????????????????????????????????????????????? | | ?????????????????????????????????????????????????? | | ?????????????????????????????????????????????????? | | ?????????????????????????????????????????????????? | | ?????????????????????????????????????????????????? | | ????????????????????????###??????????????????????? | | ???????????????????????#######???????????????????? | | ??????????????????????## #???????????????????? | | ??????????????????????# |*= #???????????????????? | | ??????????????????????# [ = #???????????????????? | | ??????????????????????# ! ##???????????????????? | | ??????????????????????## ###???????????????????? | | ??????????????????????# ][ #???????????????????? | | ??????????????????????# [ ##??????????????????? | | ??????????????????????# #??????????????????? | | ??????????????????????# #??????????????????? | | ??????????????????????# #??????????????????? | | ??????????????????????# #??????????????????? | | ??????????????????????# #??????????????????? | | ??????????????????????# #??????????????????? | | ??????????????????????### #####??????????????????? | | ????????????????????????# #??????????????????????? | | ????????????????????????# #??????????????????????? | | ????????????????????????# ##?????????????????????? | | ????????????????????????#@;#?????????????????????? | | ???????????????????????##a##?????????????????????? | | ???????????????????????#%%#??????????????????????? | | ???????????????????????#a ##?????????????????????? | | ????????? ! %!%![*!#####u;###### #??????????????? | | ????????? %%==%!%!%|%=% =%! #??????????????? | | ???????????????#=#%###############???????????????? | | ????????????????????????###??????????????????????? | | ?????????????????????????????????????????????????? | | ?????????????????????????????????????????????????? | | ?????????????????????????????????????????????????? | | ?????????????????????????????????????????????????? | | ?????????????????????????????????????????????????? | | ?????????????????????????????????????????????????? | | ?????????????????????????????????????????????????? | | ?????????????????????????????????????????????????? | | ?????????????????????????????????????????????????? | | ?????????????????????????????????????????????????? | | ?????????????????????????????????????????????????? | | ?????????????????????????????????????????????????? | | ?????????????????????????????????????????????????? | | ?????????????????????????????????????????????????? | | ?????????????????????????????????????????????????? | | ?????????????????????????????????????????????????? | | ?????????????????????????????????????????????????? | +----------------------------------------------------+ Best States ------------- Heat Dissipation 28 Energy Generation 14 Energy Capacity 275 Matter Stores 300 Matter Capacity 300 Sight Range 16 Terrain Scan Density 10 Base Temperature (-) 100 Armor Coverage 150 Power Shielding 33 Evasion (%) 40 Recoil Reduction 2 Particle Charging 15 Item Schematics ----------------- Hcp. Storage Unit | -9/Materials | Hacked Sensor Array | -9/Materials | Hacked Hacking Suite | -9/Materials | Scanalyzed Robot Schematics ------------------ None Fabricated ------------ Nothing Alien Tech Used ----------------- None Achievements -------------- Dynamic Key Challenges ------------ None Game ------ Seed ThrusterImprovedSuperbattery Manual? 0 Play Time 00:22:39 Cumulative 162.0 hours Start 2019.10.19 @ 21:16:33 End 2019.10.23 @ 22:11:55 Sessions 1 Manual Loads 0 Difficulty Rogue Special Mode None Game No. 188 Rogue 134 Adventurer 27 Explorer 11 Win Type - Total 3 Types 2/0/1/0/0/0/0 Lore% 62 Gallery% 82 Achievement% 40 Wizard Run 0 Options --------- ASCII 0 Keyboard 0 Movement Numpad Keybinds 0 Fullscreen 0 Font 16/SmallcapsGlow Map View 76x50 Tactical HUD 1 Map Filters NONE Filters NONE Steam 1 RUN: 5344b383-d4cb-410b-b4ea-e4054c2a0305